 Dungeon Crawl Stone Soup version 0.22-a0-247-gbddf880 (webtiles) character file.

344 Amnesiac the Charlatan (level 6, -3/34 HPs)
             Began as a Deep Elf Artificer on Feb 25, 2018.
             Was an Initiate of Gozag.
             Killed from afar by Natasha (8 damage)
             ... with a magic dart
             ... on level 2 of the Dungeon.
             The game lasted 00:09:43 (3622 turns).

Amnesiac the Charlatan (Deep Elf Artificer)         Turns: 3622, Time: 00:09:44

Health: -3/34      AC: 11    Str: 11    XL:     6   Next: 31%
Magic:  13/13      EV:  2    Int: 16    God:    Gozag
Gold:   400        SH:  0    Dex: 15    Spells: 5/5 levels left

rFire    . . .     SeeInvis .   a - +0 hunting sling
rCold    . . .     Gourm    .   (no shield)
rNeg     . . .     Faith    .   e - +0 plate armour
rPois    .         Spirit   .   j - +0 helmet
rElec    .         Reflect  .   (no cloak)
rCorr    .         Harm     .   (no gloves)
MR       .....                  (no boots)
Stlth    ..........             (no amulet)
HPRegen  0.11/turn              (no ring)
MPRegen  0.13/turn              (no ring)

@: no status effects
A: no striking features
a: Potion Petition, Call Merchant, Bribe Branch, Renounce Religion


You were on level 2 of the Dungeon.
You worshipped Gozag.
Gozag was aware of your devotion.
You were full.

You visited 1 branch of the dungeon, and saw 4 of its levels.

You collected 441 gold pieces.
You paid 41 gold pieces to Gozag.

Inventory:

Hand Weapons
 a - a +0 hunting sling (weapon)
 b - a +3 dagger of speed
Missiles
 l - 12 needles of paralysis
 m - 107 stones (quivered)
Armour
 e - a +0 plate armour (worn)
 j - a +0 helmet (worn)
Wands
 d - a wand of enslavement (14)
Scrolls
 g - 3 scrolls of remove curse {!r}
 i - a scroll of enchant armour {!r, unknown}
 k - 3 scrolls of identify {!r}
 o - 2 scrolls of teleportation {!r}
Potions
 n - 2 potions of brilliance {!q}
Comestibles
 f - 3 rations


   Skills:
 + Level 1.2 Fighting
 - Level 1.0 Short Blades
 + Level 1.1 Armour
 - Level 2.4 Dodging
 - Level 2.0 Stealth
 * Level 7.3 Evocations


You had 5 spell levels left.
You didn't know any spells.

Dungeon Overview and Level Annotations

Branches:
Dungeon (4/15)
 Temple: D:4-7

Altars:
Gozag

Annotations:
D:2 Natasha
D:4 Blork the orc, Purgy


Message History

Aim: Natasha (almost dead)
You shoot a stone. The stone closely misses Natasha.
Natasha claws you.
The crimson imp hits you but does no damage.
The iron imp hits you.
* * * LOW HITPOINT WARNING * * *
Natasha claws you!
* * * LOW HITPOINT WARNING * * *
The crimson imp hits you but does no damage.
Unknown command.
Natasha claws you but does no damage.
The crimson imp blinks!
Natasha claws you but does no damage.
Evoke which item? (* to show all) (? for menu, Esc to quit)
Okay, then.
The iron imp disappears in a puff of smoke!
Natasha completely misses you.
The crimson imp hits you but does no damage.
Firing (i - inventory)
m - 111 stones (quivered)
Press: ? - help, Shift-Dir - straight line, f/p - Natasha
Aim: Natasha (almost dead)
You shoot a stone. The stone closely misses Natasha.
Natasha claws you but does no damage.
The crimson imp hits you but does no damage.
Natasha claws you but does no damage.
Firing (i - inventory)
m - 110 stones (quivered)
Press: ? - help, Shift-Dir - straight line, f/p - Natasha
Aim: Natasha (almost dead)
You shoot a stone. The stone barely misses Natasha.
The crimson imp barely misses you.
Natasha casts a spell.
The crimson imp hits you but does no damage.
Natasha claws you.
* * * LOW HITPOINT WARNING * * *
Firing (i - inventory)
m - 109 stones (quivered)
Press: ? - help, Shift-Dir - straight line, f/p - Natasha
Aim: Natasha (almost dead)
You shoot a stone. The stone closely misses Natasha.
The stone barely misses the white imp.
The crimson imp hits you but does no damage.
Natasha casts a spell.
The crimson imp hits you but does no damage.
Natasha howls an incantation.
You feel troubled.
The crimson imp hits you but does no damage.
Natasha claws you but does no damage. The crimson imp hits you.
* * * LOW HITPOINT WARNING * * *
The crimson imp hits you but does no damage.
Natasha claws you but does no damage.
The crimson imp blinks!
Natasha claws you but does no damage.
There is an open door here.
You feel yourself speed up.
The crimson imp disappears in a puff of smoke!
The white imp gestures at you. The puff of frost hits you!
* * * LOW HITPOINT WARNING * * *
Firing (i - inventory)
m - 108 stones (quivered)
Press: ? - help, Shift-Dir - straight line, f/p - Natasha
Aim: Natasha (severely wounded)
You shoot a stone. The stone closely misses Natasha.
The stone closely misses the white imp.
Natasha claws you but does no damage.
Natasha stares at you and mumbles some strange words.
The magic dart hits you!
You die...
Your body crumbles into a pile of gold.

#....#.##.#
#)###########
#.#....<#.# #.#####
#.####..#.# #)....#
#..>....#.# #..##.#
#######.#.######..##>#
..#.....#......#..##.#
..#.##########.#..##.#
..'......ยง....5#####.#
..#......(.(..5h@(.#[#
..#............###.#.#
..#......(.....# #.#.#
..############## #.#.#
..# #.#.#### ..#
#.#....# ..# #.####.#
..# #.# #.# ###
##########.####.#


You could see Natasha and 2 white imps.

Vanquished Creatures
  2 ogres (D:4)
  A worker ant (D:4)
  Natasha (D:2)
  The ghost of Anon1729 the Digger, a weakling FeEE (D:3)
  Robin (D:2)
  A gnoll (D:1)
  An adder (D:2)
  A worm (D:3)
  6 dart slugs
  2 leopard geckos
  2 orcs (D:3)
  6 bats
  7 giant cockroaches
  10 goblins
  10 hobgoblins
  3 jackals
  7 frilled lizards
  7 kobolds
  3 rats
72 creatures vanquished.

Vanquished Creatures (others)
  A hobgoblin (D:4)
1 creature vanquished.

Grand Total: 73 creatures vanquished

Notes
Turn   | Place    | Note
-------+----------+-------------------------------------------
     0 | D:1      | Amnesiac the Deep Elf Artificer began the quest for the Orb.
     0 | D:1      | Reached XP level 1. HP: 11/11 MP: 5/5
    34 | D:1      | Reached XP level 2. HP: 16/16 MP: 6/6
    87 | D:3      | Noticed Anon1729's ghost (weakling FeEE)
   508 | D:4      | Reached skill level 4 in Evocations
  1052 | D:4      | Reached XP level 3. HP: 20/20 MP: 8/8
  1070 | D:4      | Noticed an ogre
  1087 | D:4      | Killed an ogre
  1087 | D:4      | Reached skill level 6 in Evocations
  1087 | D:4      | Reached XP level 4. HP: 24/24 MP: 8/10
  1143 | D:4      | Noticed Blork the orc
  1205 | D:3      | Reached XP level 5. HP: 4/28 MP: 11/11
  1481 | D:3      | Killed Anon1729's ghost
  1701 | D:4      | Noticed an ogre
  1712 | D:4      | Killed an ogre
  1712 | D:4      | Reached skill level 7 in Evocations
  1771 | D:4      | Found an opulent altar of Gozag.
  1774 | D:4      | Noticed Purgy
  1820 | D:4      | Became a worshipper of Gozag Ym Sagoz the Greedy
  2225 | D:1      | Reached skill level 1 in Fighting
  2436 | D:1      | Reached XP level 6. HP: 34/34 MP: 13/13
  2978 | D:2      | Noticed Robin
  2984 | D:2      | Reached skill level 1 in Armour
  3068 | D:2      | Killed Robin
  3428 | D:2      | Noticed Natasha
  3439 | D:2      | Killed Natasha
  3599 | D:2      | Noticed Natasha
  3622 | D:2      | Killed from afar by Natasha

Vault maps used:
D:1:      dpeg_arrival_tiny_i, fountainhead, kennysheep_crisscross
D:2:      first_ration, uniq_natasha, uniq_robin
D:3:      grunt_ministairs_6
D:4:      grunt_gozag_statues, uniq_blork_the_orc, uniq_purgy

Skill      XL: |  1  2  3  4  5  6 |
---------------+-------------------+-----
Stealth        | 2 |  2.0
Evocations     | 4 6 7 |  7.3
Fighting       | 1 |  1.2
Armour         | 1 |  1.1
Short Blades   | |  1.0
Dodging        | |  2.4

Action                   |  1- 3 |  4- 6 || total
-------------------------+-------+-------++-------
Melee: Short sword       |    36 |    84 ||   120
 Fire: Hunting sling     |       |   174 ||   174
Evoke: Wand              |    22 |     9 ||    31
  Use: Scroll            |     1 |     4 ||     5
       Potion            |       |     1 ||     1
 Stab: Sleeping          |     1 |     4 ||     5
  Eat: Chunk             |       |     3 ||     3
       Ration            |       |     3 ||     3
Armor: Leather armour    |    22 |     2 ||    24
       Plate armour      |       |   161 ||   161
Dodge: Dodged            |    26 |    37 ||    63

Table legend:
 A = Spawn XP
 B = Non-spawn XP
 C = Spawn XP percentage of total XP
 D = Spawn monster count
 E = Non-spawn monster count
 F = Spawn count percentage of total count
 G = Total turns spent on level
                    A         B        C        D         E        F      G
               +---------+---------+-------+---------+---------+-------+---------
         Total |       0 |     492 |   0.0 |       0 |      72 |   0.0 |  3622
               +---------+---------+-------+---------+---------+-------+---------
           D:1 |       0 |      58 |   0.0 |       0 |      26 |   0.0 |   659
           D:2 |       0 |     111 |   0.0 |       0 |      28 |   0.0 |  1134
           D:3 |       0 |      37 |   0.0 |       0 |      10 |   0.0 |  1179
           D:4 |       0 |     286 |   0.0 |       0 |       8 |   0.0 |   650
               +---------+---------+-------+---------+---------+-------+---------
